1931 views
Uploaded 2023-04-22 00:11:20
Game version 1.35 (6115)
16:10 long 2on2 ladder game on (4)Synergy_S2
Saved by DKnight
1931 views
Uploaded 2023-04-22 00:11:20
Game version 1.35 (6115)
16:10 long 2on2 ladder game on (4)Synergy_S2


61 units @ 8.5k
/ 1.5k
30 buildings @ 4.1k
/ 1.5k


| Peasant | 8 | 600 | / | 0 |
| Rifleman | 14 | 2870 | / | 420 |
| Mortar Team | 9 | 1620 | / | 630 |
| total: | 31 | 5090g | / | 1050w |
| Altar of Kings | 1 | 180 | / | 50 |
| Farm | 11 | 880 | / | 220 |
| Blacksmith | 1 | 140 | / | 60 |
| Barracks | 1 | 160 | / | 60 |
| Arcane Vault | 1 | 130 | / | 30 |
| Lumber Mill | 1 | 120 | / | 0 |
| Town Hall | 1 | 385 | / | 205 |
| Workshop | 1 | 140 | / | 140 |
| Keep | 1 | 320 | / | 210 |
| Castle | 1 | 360 | / | 210 |
| total: | 18 | 2135g | / | 765w |
| 0:05 | Peasant |
| 0:05 | Peasant |
| 0:13 | Peasant |
| 0:18 | Altar of Kings |
| 0:22 | Farm |
| 0:31 | Peasant |
| 0:53 | Blacksmith |
| 1:08 | Barracks |
| 1:22 | Farm |
| 1:34 | Peasant |
| 1:35 | Peasant |
| 1:51 | Arcane Vault |
| 2:24 | Lumber Mill |
| 2:26 | Rifleman |
| 2:29 | Storm Bolt |
| 2:42 | Rifleman |
| 2:57 | Farm |
| 3:55 | Rifleman |
| 4:01 | Farm |
| 4:05 | Improved Lumber Harvesting |
| 4:12 | Rifleman |
| 4:13 | Rifleman |
| 4:56 | Bash |
| 5:09 | Farm |
| 5:11 | Keep |
| 5:12 | Rifleman |
| 5:28 | Black Gunpowder |
| 6:45 | Rifleman |
| 6:47 | Rifleman |
| 6:54 | Studded Leather Armor |
| 6:58 | Farm |
| 7:00 | Rifleman |
| 7:36 | Workshop |
| 7:46 | Farm |
| 7:52 | Farm |
| 8:24 | Peasant |
| 8:28 | Peasant |
| 8:37 | Farm |
| 8:41 | Mortar Team |
| 8:44 | Holy Light |
| 8:50 | Storm Bolt |
| 9:10 | Rifleman |
| 9:11 | Mortar Team |
| 9:16 | Farm |
| 9:38 | Mortar Team |
| 10:33 | Farm |
| 10:51 | Divine Shield |
| 11:38 | Mortar Team |
| 11:41 | Castle |
| 12:10 | Town Hall |
| 12:59 | Bash |
| 13:10 | Rifleman |
| 13:11 | Mortar Team |
| 13:11 | Mortar Team |
| 13:14 | Reinforced Leather Armor |
| 13:18 | Holy Light |
| 14:32 | Rifleman |
| 14:35 | Mortar Team |
| 14:38 | Long Rifles |
| 15:29 | Rifleman |
| 15:30 | Mortar Team |
| 16:00 | Rifleman |
| 16:03 | Mortar Team |
| Select | 168 |
| Right click | 134 |
| Misc. action | 76 |
| Build/train/purchase | 51 |
| Use ability | 18 |
| Minimap ping | 7 |


| Moonstone | 1 | 50 |
| Lesser Clarity Potion | 2 | 140 |
| Potion of Healing | 1 | 150 |
| total: | 4 | 340g |
| Wisp | 13 | 780 | / | 0 |
| Archer | 7 | 910 | / | 70 |
| Huntress | 1 | 195 | / | 20 |
| Faerie Dragon | 2 | 310 | / | 50 |
| Hippogryph | 1 | 160 | / | 20 |
| Druid of the Talon | 3 | 435 | / | 60 |
| Glaive Thrower | 3 | 630 | / | 195 |
| total: | 30 | 3420g | / | 415w |
| Moon Well | 5 | 900 | / | 200 |
| Altar of Elders | 1 | 180 | / | 50 |
| Ancient of War | 2 | 300 | / | 120 |
| Hunter's Hall | 1 | 210 | / | 100 |
| Ancient of Wonders | 1 | 90 | / | 30 |
| Ancient of Wind | 2 | 300 | / | 280 |
| Tree of Ages | 1 | 320 | / | 180 |
| Tree of Eternity | 1 | 330 | / | 200 |
| total: | 12 | 1980g | / | 780w |
| 0:02 | Wisp |
| 0:02 | Wisp |
| 0:02 | Wisp |
| 0:17 | Moon Well |
| 0:19 | Wisp |
| 0:19 | Wisp |
| 0:45 | Altar of Elders |
| 0:50 | Wisp |
| 0:58 | Ancient of War |
| 1:02 | Wisp |
| 1:21 | Wisp |
| 1:21 | Wisp |
| 1:27 | Ancient of War |
| 1:33 | Wisp |
| 1:49 | Moon Well |
| 2:01 | Archer |
| 2:06 | Moon Well |
| 2:12 | Wisp |
| 2:21 | Wisp |
| 2:24 | Wisp |
| 2:40 | Archer |
| 2:46 | Entangling Roots |
| 2:50 | Archer |
| 3:00 | Archer |
| 3:14 | Archer |
| 3:43 | Tree of Ages |
| 3:59 | Hunter's Hall |
| 4:12 | Ancient of Wonders |
| 4:49 | Moon Well |
| 4:58 | Thorns Aura |
| 5:13 | Moon Well |
| 5:33 | Huntress |
| 5:36 | Moonstone |
| 5:37 | Lesser Clarity Potion |
| 6:37 | Improved Bows |
| 6:38 | Moon Glaive |
| 6:45 | Ancient of Wind |
| 7:13 | Ancient of Wind |
| 7:28 | Potion of Healing |
| 7:28 | Lesser Clarity Potion |
| 7:45 | Trueshot Aura |
| 8:20 | Faerie Dragon |
| 8:22 | Hippogryph |
| 8:50 | Entangling Roots |
| 8:56 | Searing Arrows |
| 9:01 | Tree of Eternity |
| 9:06 | Druid of the Talon |
| 9:15 | Druid of the Talon Adept Training |
| 9:27 | Vorpal Blades |
| 10:09 | Druid of the Talon |
| 11:23 | Archer |
| 11:27 | Druid of the Talon Master Training |
| 11:28 | Druid of the Talon |
| 11:29 | Faerie Dragon |
| 11:40 | Marksmanship |
| 11:58 | Glaive Thrower |
| 12:19 | Glaive Thrower |
| 12:38 | Trueshot Aura |
| 12:51 | Thorns Aura |
| 13:15 | Glaive Thrower |
| 13:53 | Nature's Blessing |
| 14:15 | Archer |
| 14:38 | Well Spring |
| 15:48 | Entangling Roots |
| Right click | 740 |
| Select group | 549 |
| Select | 202 |
| Build/train/purchase | 67 |
| Minimap ping | 37 |
| Misc. action | 27 |
| Use ability | 25 |
| Assign group | 20 |
| Esc | 2 |
66 units @ 10k
/ 1.6k
25 buildings @ 4.2k
/ 1.6k


| Peon | 7 | 525 | / | 0 |
| Grunt | 1 | 200 | / | 0 |
| Troll Headhunter | 6 | 840 | / | 120 |
| Shaman | 11 | 1430 | / | 220 |
| Raider | 1 | 180 | / | 40 |
| Troll Berserker | 10 | 1400 | / | 200 |
| Kodo Beast | 1 | 255 | / | 60 |
| total: | 37 | 4830g | / | 640w |
| Watch Tower | 1 | 110 | / | 80 |
| Altar of Storms | 1 | 180 | / | 50 |
| Orc Burrow | 4 | 640 | / | 160 |
| Barracks | 1 | 180 | / | 50 |
| Voodoo Lounge | 1 | 130 | / | 30 |
| War Mill | 1 | 205 | / | 0 |
| Great Hall | 1 | 385 | / | 185 |
| Spirit Lodge | 1 | 150 | / | 150 |
| Beastiary | 1 | 145 | / | 140 |
| Stronghold | 1 | 315 | / | 190 |
| Fortress | 1 | 325 | / | 190 |
| total: | 12 | 2125g | / | 845w |
| 0:03 | Peon |
| 0:03 | Peon |
| 0:11 | Altar of Storms |
| 0:16 | Orc Burrow |
| 0:37 | Barracks |
| 0:51 | Peon |
| 0:51 | Peon |
| 1:21 | Voodoo Lounge |
| 1:33 | Peon |
| 1:51 | Peon |
| 2:02 | War Mill |
| 2:07 | Peon |
| 2:23 | Serpent Ward |
| 2:32 | Orc Burrow |
| 2:46 | Grunt |
| 3:41 | Troll Headhunter |
| 3:42 | Troll Headhunter |
| 3:45 | Stronghold |
| 4:06 | Troll Headhunter |
| 4:36 | Troll Headhunter |
| 4:40 | Healing Wave |
| 5:07 | Steel Ranged Weapons |
| 5:35 | Spiked Barricades |
| 5:41 | Orc Burrow |
| 6:54 | Spirit Lodge |
| 7:00 | Troll Regeneration |
| 7:17 | Fortress |
| 7:19 | Reinforced Defenses |
| 7:36 | Troll Headhunter |
| 7:42 | Healing Wave |
| 7:53 | War Stomp |
| 8:24 | Beastiary |
| 8:51 | Shaman |
| 8:51 | Shaman Adept Training |
| 8:57 | Troll Headhunter |
| 9:04 | Steel Melee Weapons |
| 9:05 | Steel Armor |
| 9:07 | Shaman |
| 9:11 | Orc Burrow |
| 9:40 | Berserker Upgrade |
| 9:42 | Shaman |
| 9:55 | Raider |
| 10:44 | Endurance Aura |
| 11:37 | Great Hall |
| 11:40 | Watch Tower |
| 11:48 | Shaman |
| 11:53 | Troll Berserker |
| 11:53 | Troll Berserker |
| 11:58 | Shaman |
| 12:28 | Troll Berserker |
| 12:28 | Troll Berserker |
| 12:55 | Troll Berserker |
| 12:55 | Troll Berserker |
| 12:56 | Shaman Master Training |
| 12:57 | Shaman |
| 12:58 | Shaman |
| 13:32 | Kodo Beast |
| 13:33 | War Drums Damage Increase |
| 14:25 | Troll Berserker |
| 14:25 | Troll Berserker |
| 14:26 | Shaman |
| 14:26 | Shaman |
| 15:12 | Serpent Ward |
| 15:54 | Troll Berserker |
| 15:54 | Troll Berserker |
| 15:55 | Shaman |
| 15:55 | Shaman |
| 16:03 | Endurance Aura |
| Select group | 364 |
| Right click | 340 |
| Select | 182 |
| Misc. action | 69 |
| Build/train/purchase | 67 |
| Assign group | 31 |
| Use ability | 27 |


| Rod of Necromancy | 2 | 300 |
| Orb of Corruption | 1 | 375 |
| Healing Salve | 1 | 100 |
| total: | 4 | 775g |
| Acolyte | 7 | 525 | / | 0 |
| Ghoul | 2 | 240 | / | 0 |
| Crypt Fiend | 10 | 2150 | / | 400 |
| Obsidian Statue | 4 | 800 | / | 140 |
| Abomination | 6 | 1440 | / | 420 |
| total: | 29 | 5155g | / | 960w |
| Nerubian Tower | 1 | 100 | / | 20 |
| Crypt | 1 | 200 | / | 50 |
| Altar of Darkness | 1 | 180 | / | 50 |
| Ziggurat | 5 | 750 | / | 250 |
| Tomb of Relics | 1 | 130 | / | 30 |
| Graveyard | 1 | 215 | / | 0 |
| Necropolis | 1 | 225 | / | 0 |
| Slaughterhouse | 3 | 420 | / | 405 |
| Halls of the Dead | 1 | 320 | / | 210 |
| Black Citadel | 1 | 325 | / | 230 |
| total: | 13 | 2120g | / | 785w |
| 0:02 | Acolyte |
| 0:02 | Acolyte |
| 0:07 | Crypt |
| 0:09 | Altar of Darkness |
| 0:25 | Ziggurat |
| 0:33 | Acolyte |
| 1:04 | Tomb of Relics |
| 1:08 | Ghoul |
| 1:29 | Graveyard |
| 1:41 | Ghoul |
| 1:48 | Nerubian Tower |
| 2:12 | Rod of Necromancy |
| 2:13 | Death Coil |
| 2:53 | Halls of the Dead |
| 3:01 | Crypt Fiend |
| 3:13 | Ziggurat |
| 3:22 | Healing Salve |
| 4:08 | Crypt Fiend |
| 4:31 | Crypt Fiend |
| 4:41 | Unholy Aura |
| 4:51 | Ziggurat |
| 4:53 | Crypt Fiend |
| 5:43 | Black Citadel |
| 5:46 | Slaughterhouse |
| 6:22 | Crypt Fiend |
| 6:44 | Crypt Fiend |
| 7:15 | Obsidian Statue |
| 7:17 | Ziggurat |
| 7:41 | Death Coil |
| 7:45 | Frost Nova |
| 8:01 | Slaughterhouse |
| 8:05 | Orb of Corruption |
| 8:08 | Acolyte |
| 8:14 | Rod of Necromancy |
| 8:42 | Destroyer Form |
| 9:14 | Necropolis |
| 9:21 | Obsidian Statue |
| 9:29 | Slaughterhouse |
| 9:50 | Acolyte |
| 10:14 | Frost Armor |
| 10:31 | Abomination |
| 10:34 | Acolyte |
| 11:23 | Web |
| 11:50 | Crypt Fiend |
| 11:51 | Abomination |
| 12:01 | Ziggurat |
| 12:16 | Obsidian Statue |
| 13:05 | Obsidian Statue |
| 13:07 | Death Pact |
| 13:25 | Crypt Fiend |
| 13:27 | Abomination |
| 13:33 | Frost Nova |
| 14:19 | Crypt Fiend |
| 14:28 | Acolyte |
| 15:34 | Dark Ritual |
| 15:43 | Crypt Fiend |
| 15:44 | Abomination |
| 15:46 | Death Coil |
| 16:05 | Abomination |
| 16:05 | Abomination |
| Right click | 1052 |
| Select group | 783 |
| Select | 360 |
| Misc. action | 120 |
| Build/train/purchase | 67 |
| Use ability | 54 |
| Assign group | 31 |
| Chat | 28 |
| Minimap ping | 6 |
| Item give/drop | 4 |
| Esc | 2 |
| Remove unit | 1 |
โ